 Dungeon Crawl Stone Soup version 0.23-a0-629-gae4348f6cf (webtiles) character file.

102 HereIgoKillingAgain the Chopper (level 4, -2/39 HPs)
             Began as a Hill Orc Monk on Dec 26, 2018.
             Slain by Sigmund
             ... wielding a +0 scythe
              (8 damage)
             ... on level 3 of the Dungeon.
             The game lasted 00:02:56 (1240 turns).

HereIgoKillingAgain the Chopper (Hill Orc Monk)     Turns: 1240, Time: 00:02:57

Health: -2/39      AC:  9    Str: 20    XL:     4   Next: 78%
Magic:  4/4        EV:  8    Int: 10    God:
Gold:   113        SH:  4    Dex: 13    Spells: 3/3 levels left

rFire    . . .     SeeInvis .   a - +1 hand axe
rCold    . . .     Gourm    .   (no shield)
rNeg     . . .     Faith    .   d - +0 chain mail (curse)
rPois    .         Spirit   .   (no helmet)
rElec    .         Reflect  +   (no cloak)
rCorr    .         Harm     .   k - +0 pair of gloves (curse)
MR       .....                  (no boots)
Stlth    ..........             f - +4 amulet of reflection
HPRegen  0.13/turn              h - +6 ring of strength
MPRegen  0.09/turn              (no ring)

@: lethally poisoned (-2 -> -34)
A: no striking features
a: no special abilities


You were on level 3 of the Dungeon.
You were not hungry.

You visited 1 branch of the dungeon, and saw 3 of its levels.

You collected 113 gold pieces.

Inventory:

Hand Weapons
 a - a +1 hand axe (weapon)
Armour
 d - a cursed +0 chain mail (worn)
 k - a cursed +0 pair of gloves (worn)
 n - a +0 plate armour
Jewellery
 f - a +4 amulet of reflection (around neck)
 h - a +6 ring of strength (left hand)
Wands
 j - a wand of flame (15)
Scrolls
 g - 2 scrolls of random uselessness
Comestibles
 c - 5 rations


   Skills:
 - Level 3.6 Fighting
 + Level 7.1 Axes
 - Level 2.4 Dodging
 - Level 1.5 Stealth


You had 3 spell levels left.
You didn't know any spells.
Your spell library was empty.

Dungeon Overview and Level Annotations

Branches:
Dungeon (3/15)

Altars:

Annotations:
D:3 Sigmund


Message History

* * * LOW HITPOINT WARNING * * *
The kobold shoots a poisoned needle.
You reflect the poisoned needle off an invisible shield around you!
The poisoned needle closely misses the kobold.
You closely miss something.
* * * LOW HITPOINT WARNING * * *
You feel very sick.
The kobold shoots a poisoned needle.
The poisoned needle hits you!
You are more poisoned.
You hear some strange, mumbled words.
A magic dart appears from out of thin air!
The magic dart hits you!
Evoke which item? (* to show all) (? for menu, Esc to quit)
Aiming: Throw Flame
Press: ? - help, Shift-Dir - straight line, f - leopard gecko
Aim: a leopard gecko (clinging)
The puff of flame hits something.
* * * LOW HITPOINT WARNING * * *
You feel sick. Something hits you!
You die...

#.#....#####
#(#........[
#.#...######
#....(#
#....##
#.##.#
#K##.#
#.##.#
#@##.# #{#
.. .l. ##
..#.. .#.
.## #.## #.
# #


You could see a leopard gecko and a kobold.

Vanquished Creatures
  2 gnolls
  An adder (D:2)
  2 worms (D:2)
  2 leopard geckos (D:1)
  3 ball pythons
  4 giant cockroaches
  6 goblins
  11 hobgoblins
  8 jackals
  A quokka (D:2)
  7 bats
  3 frilled lizards
  4 kobolds
  8 rats
62 creatures vanquished.

Notes
Turn   | Place    | Note
-------+----------+-------------------------------------------
     0 | D:1      | HereIgoKillingAgain the Hill Orc Monk began the quest for
                  | the Orb.
     0 | D:1      | Reached XP level 1. HP: 19/19 MP: 1/1
    46 | D:1      | Reached XP level 2. HP: 23/26 MP: 2/2
    75 | D:1      | Reached skill level 5 in Axes
   141 | D:1      | Reached XP level 3. HP: 28/31 MP: 3/3
   515 | D:2      | Reached skill level 6 in Axes
   675 | D:2      | Reached XP level 4. HP: 34/39 MP: 4/4
   955 | D:2      | Reached skill level 7 in Axes
  1213 | D:3      | Noticed Sigmund
  1240 | D:3      | Slain by Sigmund

Vault maps used:
D:1:      lightli_arrival_chessboard
D:2:      first_ration
D:3:      grunt_temple_overflow_forces_of_nature, uniq_sigmund, uniq_terence,
          uniq_ijyb

Skill      XL: |  1  2  3  4 |
---------------+-------------+-----
Axes           | 5 6 7 |  7.1
Fighting       | |  3.6
Dodging        | |  2.4
Stealth        | |  1.5

Action                   |  1- 3 |  4- 6 || total
-------------------------+-------+-------++-------
Melee: Hand axe          |   122 |    66 ||   188
Evoke: Wand              |       |     1 ||     1
  Use: Scroll            |     2 |     4 ||     6
       Potion            |       |     4 ||     4
  Eat: Chunk             |       |     1 ||     1
Armor: Chain mail        |    76 |    31 ||   107
       Robe              |     1 |       ||     1
Dodge: Dodged            |    35 |    20 ||    55
Block: Other             |    10 |    15 ||    25
       Reflection        |       |     2 ||     2

Table legend:
 A = Non-vault XP
 B = Vault XP
 C = Vault XP percentage of total XP
 D = Non-vault monster count
 E = Vault monster count
 F = Vault count percentage of total count
                 A         B        C        D         E       F
            +---------+---------+-------+---------+---------+-------
      Total |     147 |       0 |   0.0 |      62 |       0 |   0.0
            +---------+---------+-------+---------+---------+-------
        D:1 |      64 |       0 |   0.0 |      31 |       0 |   0.0
        D:2 |      75 |       0 |   0.0 |      25 |       0 |   0.0
        D:3 |       8 |       0 |   0.0 |       6 |       0 |   0.0
            +---------+---------+-------+---------+---------+-------
